 Dungeon Crawl Stone Soup version 0.21.0 (webtiles) character file.

663 Hekarica the Magician (level 7, -14/46 HPs)
             Began as a Mummy Fire Elementalist on May 19, 2018.
             Was a Believer of Ru.
             Demolished by an orc warrior
             ... wielding a +0 glaive
              (26 damage)
             ... on level 5 of the Dungeon on May 20, 2018.
             The game lasted 00:49:17 (6662 turns).

Hekarica the Magician (Mummy Fire Elementalist)     Turns: 6662, Time: 00:49:18

Health: -14/46     AC:  7    Str: 12    XL:     7   Next: 31%
Magic:  6/14       EV: 12    Int: 16    God:    Ru [**....]
Gold:   269        SH:  0    Dex: 12    Spells: 10/16 levels left

rFire    . . .     SeeInvis .   n - +5 dagger "Goblin's Regret" {speed, rPois}
rCold    + . .     Gourm    .   (no shield)
rNeg     + + +     Faith    .   a - +0 robe
rPois    ∞         Spirit   .   (no helmet)
rElec    .         Reflect  .   (no cloak)
rCorr    .         Harm     .   (no gloves)
MR       .....                  (no boots)
Stlth    ++........             (no amulet)
HPRegen  0.15/turn              f - ring of protection from fire
MPRegen  0.14/turn              m - +5 ring of protection

@: very slightly contaminated
A: no food or potions, fire vulnerability, cold resistance 1, negative energy
resistance 3, torment resistance, unbreathing, unskilled 1
a: Renounce Religion


You were on level 5 of the Dungeon.
You worshipped Ru.
Ru was pleased with you.
You were not hungry.

You visited 1 branch of the dungeon, and saw 6 of its levels.

You collected 269 gold pieces.

Inventory:

Hand Weapons
 j - a +2 whip of flaming
 n - the +5 dagger "Goblin's Regret" (weapon) {speed, rPois}
   (You found it on level 5 of the Dungeon)

   Attacks with this weapon are significantly faster.
   It protects you from poison.
Missiles
 i - 5 tomahawks (quivered)
Armour
 a - a +0 robe (worn)
Jewellery
 f - a ring of protection from fire (left hand)
 m - a +5 ring of protection (right hand)
Wands
 l - a wand of flame (22)
 r - a wand of digging (11)
Scrolls
 c - 2 scrolls of identify
 d - 4 scrolls of remove curse
 e - a scroll of enchant weapon {unknown}
 h - 2 scrolls of amnesia {unknown}
 k - a scroll of teleportation
 o - a scroll of random uselessness {unknown}
Books
 b - a book of Flames

   Spells                             Type                      Level
   a - Flame Tongue                   Conjuration/Fire             1
   b - Throw Flame                    Conjuration/Fire             2
   c - Conjure Flame                  Conjuration/Fire             3
   d - Inner Flame                    Hexes/Fire                   3
   e - Sticky Flame                   Conjuration/Fire             4
   f - Fireball                       Conjuration/Fire             5
 g - a book of Misfortune

   Spells                             Type                      Level
   a - Confusing Touch                Hexes                        1
   b - Confuse                        Hexes                        3
   c - Gell's Gravitas                Translocation                3
   d - Petrify                        Transmutation/Earth          4
   e - Metabolic Englaciation         Hexes/Ice                    5
   f - Yara's Violent Unravelling     Hexes/Transmutation          5
 p - a book of Changes

   Spells                             Type                      Level
   a - Beastly Appendage              Transmutation                1
   b - Sticks to Snakes               Transmutation                2
   c - Spider Form                    Transmutation/Poison         3
   d - Ice Form                       Ice/Transmutation            4
   e - Blade Hands                    Transmutation                5
 q - Sif Muna's Reference Book on Displacement and Attacks
   (You found it on level 5 of the Dungeon)

   Spells                             Type                      Level
   a - Shroud of Golubria             Charms/Translocation         2
   b - Conjure Flame                  Conjuration/Fire             3
   c - Dazzling Spray                 Conjuration/Hexes            3
   d - Summon Forest                  Summoning/Translocation      5
   e - Orb of Destruction             Conjuration                  7


   Skills:
 + Level 1.3 Short Blades
 - Level 2.0 Dodging
 - Level 2.0 Stealth
 * Level 5.1 Spellcasting
 + Level 2.8 Conjurations
 + Level 2.0 Hexes
 + Level 3.3 Fire Magic


You had 10 spell levels left.
You knew the following spells:

 Your Spells              Type           Power        Failure   Level  Hunger
a - Throw Flame           Conj/Fire      ##....       6%          2    N/A
b - Flame Tongue          Conj/Fire      ##...        4%          1    N/A
c - Confuse               Hex            ##......     19%         3    N/A

Dungeon Overview and Level Annotations

Branches:
Dungeon (6/15)
 Temple: D:4-7

Altars:
Cheibriados
Gozag
Makhleb
Okawaru
Ru
Uskayaw
Wu Jian


Innate Abilities, Weirdness & Mutations

You do not eat or drink.
Your flesh is vulnerable to fire.
You are immune to poison.
Your flesh is cold resistant. (rC+)
You are immune to negative energy. (rN+++)
You are immune to unholy pain and torment.
You can survive without breathing.
You are somewhat unskilled. (-1 Apt)


Message History

The orc warrior is moderately wounded.
You hit the orc warrior but do no damage.
The orc warrior is moderately wounded.
The orc warrior hits you with a glaive!
* * * LOW HITPOINT WARNING * * *
Casting: Throw Flame
Confirm with . or Enter, or press ? or * to list all spells.
Aiming: Confuse
Press: ? - help, Shift-Dir - straight line, f/p - orc warrior
Aim: an orc warrior, wielding a glaive and wearing a chain mail (moderately wounded, chance to defeat MR: 41%)
The orc warrior resists with some effort.
Casting: Confuse
Confirm with . or Enter, or press ? or * to list all spells.
Aiming: Confuse
Press: ? - help, Shift-Dir - straight line, f/p - orc warrior
Aim: an orc warrior, wielding a glaive and wearing a chain mail (moderately wounded, chance to defeat MR: 41%)
The orc warrior resists with some effort.
The orc warrior hits you with a glaive!!
Ouch! That really hurt!
You die...

#.#.....# #.#######
#.# #.# #.# #.#
########## # #.#
#........#
####.####.######.#
.......##.# #@#
##.....##.######o#####
##.[...........)....#
##.####.###.##.###.#
## #.# #.###.##.# #.#
.# #.# #........# #.#
.###'## #####.##.# #.#
.##...## #.##.# #.#
##.....## ##.##.###.#


You could see an orc warrior.

Vanquished Creatures
  Grinder (D:5)
  Blork the orc (D:5)
  A water moccasin skeleton (D:5)
  A bullfrog zombie (D:5)
  A hound (D:4)
  3 worker ants
  A mummy (D:4)
  5 adders
  4 river rats (D:5)
  A shadow imp (D:5)
  An ooze (D:1)
  A worm (D:2)
  4 dart slugs
  A leopard gecko (D:4)
  16 orcs
  7 giant cockroaches
  5 goblins
  6 hobgoblins
  2 quokkas (D:3)
  2 ball pythons
  9 bats
  6 frilled lizards
  8 kobolds
  A quokka skeleton (D:4)
  25 rats
113 creatures vanquished.

Notes
Turn   | Place    | Note
-------+----------+-------------------------------------------
     0 | D:1      | Hekarica the Mummy Fire Elementalist began the quest for the Orb.
     0 | D:1      | Reached XP level 1. HP: 13/13 MP: 4/4
    83 | D:1      | Reached skill level 1 in Conjurations
   240 | D:1      | Reached XP level 2. HP: 11/19 MP: 3/5
   962 | D:1      | Reached skill level 3 in Spellcasting
  1624 | D:2      | Reached XP level 3. HP: 18/24 MP: 4/7
  1972 | D:2      | Learned a level 2 spell: Throw Flame
  2160 | D:2      | Learned a level 3 spell: Confuse
  2846 | D:3      | Reached XP level 4. HP: 15/30 MP: 3/8
  3225 | D:3      | Found a sacrificial altar of Ru.
  3241 | D:3      | Became a worshipper of Ru the Awakened
  4368 | D:4      | Reached XP level 5. HP: 28/35 MP: 5/10
  4438 | D:4      | Found an opulent altar of Gozag.
  4462 | D:4      | Gained mutation: You are somewhat unskilled. (-1 Apt) [Ru sacrifice]
  4462 | D:4      | Reduced skill Dodging to level 1
  4462 | D:4      | Reduced skill Stealth to level 1
  4462 | D:4      | Reached * piety under Ru
  4462 | D:4      | Reached ** piety under Ru
  4606 | D:4      | Reached skill level 1 in Hexes
  4870 | D:4      | Found a snail-covered altar of Cheibriados.
  4925 | D:5      | Entered Level 5 of the Dungeon
  4997 | D:5      | Got a twisted dagger
  4998 | D:5      | Identified the +5 dagger "Goblin's Regret" {speed, rPois} (You found it on level 5 of the Dungeon)
  5591 | D:5      | Noticed Blork the orc
  5608 | D:5      | Killed Blork the orc
  5608 | D:5      | Reached skill level 4 in Spellcasting
  5608 | D:5      | Reached XP level 6. HP: 22/41 MP: 7/12
  6027 | D:5      | Found an ornate altar of the Wu Jian Council.
  6045 | D:5      | Identified Sif Muna's Reference Book on Displacement and Attacks
  6255 | D:5      | Found an iron altar of Okawaru.
  6259 | D:5      | Found a hide-covered altar of Uskayaw.
  6264 | D:5      | Found a burning altar of Makhleb.
  6400 | D:6      | Noticed Grinder
  6419 | D:5      | Killed Grinder
  6419 | D:5      | Reached skill level 1 in Short Blades
  6419 | D:5      | Reached skill level 5 in Spellcasting
  6419 | D:5      | Reached XP level 7. HP: 44/46 MP: 1/14
  6602 | D:6      | Found a snail-covered altar of Cheibriados.
  6648 | D:6      | Noticed a yak
  6662 | D:5      | Demolished by an orc warrior

Skill      XL: |  1  2  3  4  5  6 |
---------------+-------------------+-----
Conjurations   | 1 2 |  2.8
Spellcasting   | 3 4 5 |  5.1
Stealth        | 2 2 |  2.0
Dodging        | 2 2 |  2.0
Fire Magic     | 3 3 |  3.3
Hexes          | 1 2 |  2.0
Short Blades   | 1 |  1.3

Action                   |  1- 3 |  4- 6 |  7- 9 || total
-------------------------+-------+-------+-------++-------
Melee: Unarmed           |    18 |       |       ||    18
       Club              |    14 |       |       ||    14
       Dagger            |    75 |   113 |    14 ||   202
       Whip              |       |    52 |       ||    52
Throw: Tomahawk          |       |     2 |       ||     2
 Cast: Flame Tongue      |    43 |       |       ||    43
       Throw Flame       |    20 |    87 |     3 ||   110
       Confuse           |       |       |     2 ||     2
Invok: Sacrifice Skill   |       |     1 |       ||     1
  Use: Scroll            |       |     5 |       ||     5
Armor: Robe              |    31 |    28 |     6 ||    65
Dodge: Dodged            |    77 |    68 |    10 ||   155
